Map: Buried Caverns

Players

xBenx

  • Race: Zerg Zerg
  • League: Gold
  • Spawn Location: 3:00

dwduck

  • Race: Protoss Protoss
  • Spawn Location: 5:00

WarpigxxxL

  • Race: Zerg Zerg
  • Spawn Location: 3:00

inosuke

  • Race: Protoss Protoss
  • Spawn Location: 9:00

KAMUI

  • Race: Zerg Zerg
  • Spawn Location: 9:00

AntonioZaid

  • Race: Terran Terran
  • Spawn Location: 7:00

VOD

Have the link to the VOD?

Description

WarpigxxL, dwduck, xBenx vs AntonioZaid, KAMUI, inosuke

Time

  • Played on: April 7, 2024, 3:41 p.m.
  • Length: 7:58
Show
View Real Time Build Order
Export as new Build Order

xBenx Zerg 

Build Orders: Hatch First 

Get SALT Encoding   

  12  0:02  Drone  
  13  0:14  Overlord  
  13  0:25  Drone  
  14  0:45  Hatchery  
  13  0:51  Drone  
  13  0:54  Drone  
  15  1:18  Drone x3  
  18  1:31  Spawning Pool  
  18  1:32  Drone  
  18  1:33  Extractor  
  17  1:47  Extractor  
  17  1:52  Drone  
  17  1:53  Drone  
  19  2:00  Drone  
  20  2:03  Drone  
  21  2:09  Extractor  
  21  2:10  Overlord  
  20  2:19  Drone  
  20  2:20  Extractor  
  20  2:22  Zergling x2  
  22  2:37  Spine Crawler  
  22  2:41  Evolution Chamber  
  22  2:43  Drone x3  
  23  2:44  Queen x2  
  27  2:57  Drone  
  27  2:58  Drone x3  
  31  3:09  Zerg Ground Armor Level 1  
  31  3:12  Drone  
  32  3:16  Extractor  
  32  3:17  Drone  
  32  3:18  Drone  
  33  3:26  Zergling x2  
  33  3:36  Spine Crawler  
  32  3:54  Zergling x2  
  32  3:55  Zergling x6  
  36  3:57  Overlord x2  
  33  4:14  Queen  
  33  4:15  Spine Crawler  
  34  4:35  Drone x3  
  37  4:39  Extractor  
  37  4:42  Drone, Spine Crawler  
  37  4:43  Drone x2, Lair  
  37  4:45  Zergling x6  
  41  4:50  Queen  
  43  5:03  Spore Crawler  
  43  5:05  Spore Crawler  
  41  5:17  Roach Warren  
  40  5:25  Drone x4  
  40  5:27  Overlord x2  
  43  5:51  Spore Crawler  
  43  5:53  Burrow  
  43  5:56  Zergling x6  
  45  5:59  Hydralisk Den  
  45  6:00  Drone x3  
  45  6:03  Extractor, Drone  
  45  6:04  Drone x2  
  49  6:12  Zergling x4, Roach x2  
  48  6:25  Roach  
  48  6:26  Roach x2  
  48  6:28  Hydralisk, Hatchery  
  51  6:49  Zergling x2, Hydralisk x2, Roach x2  
  51  6:51  Overlord  
  60  7:05  Overlord x2  
  58  7:11  Zergling x6, Roach  
  58  7:12  Roach  
  59  7:18  Zergling x2  
  59  7:19  Roach  
  61  7:23  Hydralisk  
  61  7:24  Zergling x2  
  59  7:40  Zergling x8  
  59  7:41  Zergling x8  
Show
View Real Time Build Order
Export as new Build Order

dwduck Protoss 

Build Orders:  

Get SALT Encoding   

  12  0:02  Probe  
  13  0:20  Pylon  
  13  0:33  Probe  
  14  0:42  Gateway  
  14  0:45  Probe  
  15  0:55  Assimilator  
  15  0:57  Probe  
  15  1:01  Assimilator  
  16  1:09  Probe  
  17  1:21  Probe  
  18  1:33  Probe  
  18  1:34  Cybernetics Core  
  19  1:44  Pylon  
  19  1:45  Probe  
  19  1:46  Pylon  
  20  2:02  Pylon  
  20  2:08  Pylon  
  20  2:10  Pylon  
  20  2:11  Probe (Chrono Boost)  
  21  2:22  Probe (Chrono Boost)  
  22  2:26  Probe (Chrono Boost)  
  23  2:37  Probe  
  24  2:55  Forge  
  24  2:57  Gateway  
  24  3:16  Nexus  
  24  3:19  Pylon  
  24  3:23  Pylon  
  24  3:37  Stalker  
  26  3:47  Stargate  
  26  3:50  Assimilator  
  26  4:00  Assimilator  
  26  4:03  Probe (Chrono Boost)  
  26  4:06  Stalker (Chrono Boost)  
  29  4:15  Probe (Chrono Boost)  
  30  4:20  Probe (Chrono Boost)  
  31  4:25  Stalker (Chrono Boost)  
  31  4:29  Probe  
  34  4:34  Stalker (Chrono Boost)  
  36  4:46  Stalker  
  36  4:47  Stargate  
  36  4:49  Stargate  
  38  5:12  Shield Battery  
  38  5:21  Shield Battery  
  38  5:23  Photon Cannon  
  38  5:24  Photon Cannon  
  38  5:26  Photon Cannon  
  38  5:30  Probe  
  38  5:34  Probe  
  40  5:42  Probe (Chrono Boost)  
  42  5:52  Probe (Chrono Boost)  
  42  5:54  Probe (Chrono Boost)  
  43  5:58  Probe (Chrono Boost)  
  43  5:59  Probe (Chrono Boost)  
  45  6:08  Probe  
  18  7:24  Nexus  
  5  7:58  Nexus  
Show
View Real Time Build Order
Export as new Build Order

WarpigxxxL Zerg 

Build Orders: Hatch First, Roach Nydus 

Get SALT Encoding   

  12  0:03  Drone  
  13  0:14  Drone  
  14  0:17  Overlord  
  14  0:37  Drone x3  
  17  1:01  Drone, Hatchery  
  17  1:02  Drone  
  18  1:20  Drone  
  18  1:22  Spawning Pool  
  18  1:23  Drone  
  19  1:32  Drone  
  20  1:33  Extractor  
  19  1:48  Drone  
  19  1:50  Extractor  
  19  1:53  Drone  
  20  2:19  Drone  
  20  2:20  Drone x2  
  23  2:27  Hatchery  
  22  2:38  Drone x3  
  22  2:39  Drone, Roach Warren  
  25  2:49  Metabolic Boost  
  25  2:56  Lair  
  25  3:11  Zergling x6  
  28  3:20  Overlord x3  
  27  3:42  Roach x5  
  34  4:00  Zergling x4  
  34  4:02  Zergling x2  
  37  4:08  Zergling x2  
  37  4:09  Zergling x4  
  31  4:45  Zergling x6  
  33  4:46  Zergling x6, Nydus Network  
  33  4:51  Zergling x4  
  38  4:58  Spore Crawler  
  37  5:00  Drone  
  37  5:01  Drone  
  39  5:21  Hydralisk Den  
  38  5:32  Drone x3  
  38  5:33  Drone x4  
  45  5:42  Nydus Canal  
  45  5:56  Zergling x8  
  45  5:57  Zergling x2  
  49  6:14  Overlord x3  
  49  6:15  Overlord  
  41  6:27  Zergling x6  
  41  6:28  Zergling x2  
  41  6:29  Zergling x2  
  41  6:32  Zergling x2  
  24  6:57  Drone x2  
  24  6:58  Drone x3  
  24  7:01  Grooved Spines  
  29  7:05  Zergling x2  
  29  7:11  Nydus Canal  
  29  7:15  Zergling x2  
  27  7:46  Hatchery  
Show
View Real Time Build Order
Export as new Build Order

inosuke Protoss 

Build Orders:  

Get SALT Encoding   

  12  0:00  Probe  
  13  0:15  Pylon  
  13  0:23  Assimilator  
  13  0:24  Probe  
  14  0:40  Gateway  
  14  0:47  Probe (Chrono Boost)  
  15  0:56  Probe (Chrono Boost)  
  16  1:01  Probe (Chrono Boost)  
  17  1:13  Gateway, Probe  
  18  1:25  Probe  
  19  1:32  Cybernetics Core  
  19  1:37  Probe (Chrono Boost)  
  20  1:49  Probe (Chrono Boost)  
  20  1:50  Pylon  
  21  1:54  Probe (Chrono Boost)  
  22  2:03  Probe  
  23  2:08  Stalker  
  25  2:16  Probe  
  25  2:17  Stalker  
  28  2:28  Pylon, Probe  
  29  2:33  Warp Gate  
  29  2:52  Nexus  
  29  2:59  Stalker  
  29  3:02  Stalker  
  33  3:06  Assimilator  
  33  3:22  Twilight Council  
  33  3:23  Pylon  
  33  3:40  Probe  
  34  3:41  Gateway  
  34  3:44  Forge  
  34  3:49  Stalker  
  34  3:52  Probe  
  37  3:59  Stalker  
  39  4:04  Probe  
  40  4:34  Blink (Chrono Boost)  
  32  4:46  Stalker  
  32  4:52  Probe (Chrono Boost)  
  36  4:57  Probe (Chrono Boost)  
  36  5:00  Stalker  
  36  5:02  Assimilator, Probe (Chrono Boost)  
  36  5:06  Probe (Chrono Boost)  
  40  5:07  Assimilator, Probe (Chrono Boost)  
  41  5:16  Probe  
  42  5:22  Dark Shrine  
  42  5:24  Pylon  
  42  5:28  Stalker, Probe  
  45  5:46  Gateway  
  45  5:47  Gateway  
  45  5:53  Probe x2  
  47  6:05  Probe x2  
  47  6:06  Stalker x3  
  55  6:17  Probe x2  
  57  6:29  Probe  
  57  6:30  Probe  
  51  6:47  Stalker x3  
  55  7:10  Dark Templar  
  55  7:11  Dark Templar x4  
  65  7:54  Dark Templar  
  65  7:55  Dark Templar  
Show
View Real Time Build Order
Export as new Build Order

KAMUI Zerg 

Build Orders: Pool First 

Get SALT Encoding   

  12  0:05  Drone  
  13  0:27  Spawning Pool  
  12  0:33  Drone  
  12  0:34  Drone  
  14  0:41  Overlord  
  14  0:58  Extractor  
  13  1:05  Drone x2  
  15  1:17  Queen  
  17  1:20  Zergling x2  
  17  1:21  Zergling x2  
  19  1:33  Zergling x2  
  20  1:45  Zergling x2  
  21  2:03  Zergling x2  
  21  2:04  Overlord  
  22  2:10  Metabolic Boost  
  22  2:22  Roach Warren  
  21  2:27  Zergling x2  
  21  2:28  Zergling x2  
  23  2:32  Zergling x2  
  23  2:33  Zergling x4  
  26  3:08  Extractor  
  26  3:10  Drone x5  
  30  3:13  Overlord  
  26  4:03  Roach x3  
  26  4:33  Hatchery  
  26  4:36  Roach x5  
  35  4:55  Roach  
  35  4:59  Burrow  
  37  5:04  Overlord  
  37  5:29  Drone x2  
  37  5:30  Drone  
  40  5:40  Evolution Chamber  
  40  5:41  Evolution Chamber  
  38  5:45  Evolution Chamber  
  31  6:28  Roach x5  
  31  6:29  Roach x3  
  9  7:28  Drone x3  
  12  7:43  Hatchery  
Show
View Real Time Build Order
Export as new Build Order

AntonioZaid Terran 

Build Orders:  

Get SALT Encoding   

  12  0:18  SCV  
  12  0:20  Supply Depot  
  13  0:40  SCV  
  13  0:42  Barracks  
  14  0:52  SCV  
  15  1:05  Barracks  
  15  1:07  SCV  
  16  1:22  Barracks  
  16  1:26  SCV  
  17  1:38  SCV  
  18  1:46  Refinery  
  18  1:50  SCV  
  18  1:52  Refinery  
  19  2:02  SCV  
  19  2:04  Supply Depot  
  20  2:20  SCV  
  21  2:26  Supply Depot  
  21  2:32  SCV  
  22  2:42  Barracks Reactor  
  22  2:44  SCV  
  23  2:56  SCV  
  24  2:59  Barracks Reactor  
  24  3:07  Supply Depot  
  24  3:09  SCV  
  24  3:11  Supply Depot  
  25  3:15  Supply Depot  
  25  3:17  Barracks Tech Lab  
  25  3:20  Marine x2  
  27  3:35  Marine x2  
  27  3:36  Marine  
  30  3:41  Combat Shield  
  30  3:43  Marine x2  
  32  3:53  Marine  
  33  3:56  Marauder  
  35  4:04  Marine  
  35  4:05  Marine  
  35  4:08  Marine  
  38  4:11  Marine  
  39  4:17  Marauder  
  39  4:21  Marine  
  39  4:23  Marine  
  43  4:29  Marine  
  43  4:30  Marine  
  45  4:39  Marine, Marauder  
  45  4:41  Marine  
  49  4:47  Marine, Supply Depot  
  49  4:49  Marine  
  51  4:58  Marine  
  52  5:00  Stimpack, Marauder  
  54  5:07  Marine  
  54  5:10  Marine  
  54  5:13  Marine  
  57  5:20  Marine  
  58  5:22  Marauder  
  58  5:25  Marine  
  58  5:28  Marine  
  62  5:31  Marine  
  63  5:38  Marine  
  64  5:42  Marine  
  64  5:43  Marine  
  64  5:47  Supply Depot  
  66  5:50  Marine  
  67  6:01  Marauder  
  67  6:03  Marine x2  
  71  6:09  Marine  
  69  6:39  Marine x4, Marauder  
  75  6:40  Concussive Shells  
  75  6:57  Marine x4  
  79  7:27  Supply Depot x2  
  79  7:28  Supply Depot  
  79  7:35  Marine  
  79  7:36  Marine x2  
  79  7:37  Marine  
Tags
 
Add a new tag
Caveats
  • Supply blocks, unpowered buildings, or Contaminate may cause inaccurate times.
  • Supply counts are checked every 10 seconds.